 Seeded DCSS version 0.30-a0-900-g23479c02f2 (webtiles) character file.

Game seed: 7547814903460644772 (custom seed)

105 hikkokomori the Ducker (level 4, -2/35 HPs)
             Began as a Merfolk Gladiator on Mar 18, 2023.
             Killed from afar by an orc wizard (7 damage)
             ... with a magic dart
             ... on level 2 of the Dungeon.
             The game lasted 00:01:47 (1598 turns).

hikkokomori the Ducker (Merfolk Gladiator)          Turns: 1598, Time: 00:01:47

Health: -2/35      AC:  4    Str: 14    XL:     4   Next: 81%
Magic:  4/4        EV: 14    Int:  7    God:
Gold:   139        SH:  0    Dex: 17    Spells: 3/3 levels left

rFire   . . .      SeeInvis .    k - +4 dagger
rCold   . . .      Faith    .    (no shield)
rNeg    . . .      Spirit   .    b - +0 leather armour
rPois   .          Reflect  .    c - +0 helmet
rElec   .          Rampage  .    (no cloak)
rCorr   .                        (no gloves)
Will    .....                    (no boots)
Stlth   +                        (no amulet)
HPRegen 0.25/turn                (no ring)
MPRegen 0.09/turn                (no ring)

@: confused
A: (nimble swimmer 2), mertail
a: no special abilities


You were on level 2 of the Dungeon.
You visited 1 branch of the dungeon, and saw 3 of its levels.

You collected 139 gold pieces.

Inventory:

Hand Weapons
 a - a +0 long sword
 k - a +4 dagger (weapon)
Missiles
 d - 3 throwing nets (quivered)
 e - a javelin
Armour
 b - a +0 leather armour (worn)
 c - a +0 helmet (worn)
Scrolls
 f - a scroll of identify {unknown}
 j - a scroll of magic mapping {unknown}
 m - a scroll of enchant weapon {unknown}
 n - a scroll of immolation {unknown}
 o - a scroll of poison {unknown}
 p - 2 scrolls of vulnerability {unknown}
 q - a scroll of teleportation {unknown}
Potions
 g - a potion of haste {unknown}
 h - a potion of cancellation {unknown}
 i - 2 potions of experience {unknown}
 l - 2 potions of might {unknown}
 r - a potion of degeneration {unknown}
 s - a potion of brilliance {unknown}
 t - a potion of berserk rage {unknown}


   Skills:
 + Level 3.4 Fighting
 + Level 2.3(3.4) Short Blades
 - Level 3.8(4.2) Long Blades
 - Level 2.2 Throwing
 + Level 5.2 Dodging


You had 3 spell levels left.
You didn't know any spells.
Your spell library contained the following spells:

 Spells                   Type           Power      Damage    Failure   Level
 Lesser Beckoning         Tloc           0%         N/A       65%         2
 Gell's Gravitas          Tloc           0%         N/A       87%         3
 Teleport Other           Tloc           0%         N/A       87%         3


Dungeon Overview and Level Annotations

Branches:
Dungeon (3/15)

Altars:


Innate Abilities, Weirdness & Mutations

((You are very nimble when in or above water. (Stealth+, EV+, Speed+++)))
Your lower body shifts to a powerful aquatic tail in water.


Message History

The orc is severely wounded.
Something hits you. x2; The orc barely misses you.
You are too injured to fight recklessly!
You are too injured to fight recklessly!
You are too injured to fight recklessly!
You are too injured to fight recklessly!
You are too injured to fight recklessly!
You are too injured to fight recklessly!
You are too injured to fight recklessly!
You are too injured to fight recklessly!
You are too injured to fight recklessly!
You are too injured to fight recklessly!
You are too injured to fight recklessly!
You are too injured to fight recklessly!
You are too injured to fight recklessly!
You are too injured to fight recklessly!
You are too injured to fight recklessly!
Unknown command.
The orc attacks as you move away! The orc hits you but does no damage.
Something barely misses you.
A magic dart appears from out of thin air!
The magic dart hits you.
There is an escape hatch in the ceiling, spattered with blood here.
A magic dart appears from out of thin air!
The magic dart hits something!
You hear some strange, mumbled words.
You are confused.
A mysterious force pulls you upwards. The hatch slams shut behind you.
Reactivating autopickup.
Something hits you but does no damage.
Deactivating autopickup; reactivate with Ctrl-A.
You closely miss something. Something hits you.
* * * LOW HITPOINT WARNING * * *
You bump into the rock wall.
Something hits you.
* * * LOW HITPOINT WARNING * * *
You completely miss something.
You hear some strange, mumbled words.
A magic dart appears from out of thin air!
The magic dart hits you!
You die...

#..##.# #...........# #..#
#..##.## ##.##..###### #..#
#..#...## #.##..# ####.(#
#.......###.##..# #.....#
#...........##..# #.###.#
##.#...#######..# #.# #.#
#.##.## #..# #.###.####
#.##.########..#####........#
#.##...........@......#####.#
#.###########.{######.#
#.#### #.# #.........# #.....
#.# #....####.# #.#### #.#
####.# #.#####.#### #.# #.#
#..........# #.# #.#
##########.# #.# #.# #.# #)#
#.# #.#


There were no monsters in sight!

Vanquished Creatures
  Jessica (D:2)
  3 adders
  A worm (D:2)
  An orc (D:3)
  4 ball pythons
  4 bats
  2 endoplasms
  7 hobgoblins
  3 jackals (D:2)
  2 quokkas (D:2)
  3 frilled lizards
  6 goblins
  3 kobolds
  3 rats
43 creatures vanquished.

Notes
Turn   | Place    | Note
-------+----------+-------------------------------------------
     0 | D:1      | hikkokomori the Merfolk Gladiator began the quest for the
                  | Orb.
     0 | D:1      | Reached XP level 1. HP: 16/16 MP: 1/1
    40 | D:1      | Found a faded altar of an unknown god.
   101 | D:1      | Reached XP level 2. HP: 4/23 MP: 2/2
   546 | D:2      | Reached skill level 1 in Short Blades
   546 | D:2      | Reached XP level 3. HP: 20/28 MP: 3/3
   725 | D:2      | Noticed Jessica
   733 | D:2      | Killed Jessica
   734 | D:2      | Reached XP level 4. HP: 17/35 MP: 4/4
  1134 | D:2      | Reached skill level 5 in Dodging
  1598 | D:2      | Killed from afar by an orc wizard

Illustrated notes

Levels and vault maps discovered:
D:1:      lordsloth_arrival_two_stooges, layout_basic,
          chequers_ecumenical_altar_simple
D:2:      layout_loops_ring, uniq_jessica
D:3:      layout_rooms, ashenzari_conservatory_becter,
          pdpol_wu_jian_five_deadly_venoms, kennysheep_generic_room_14

Skill      XL: |  1  2  3  4 |
---------------+-------------+-----
Short Blades   | 1 2 |  2.3
Fighting       | 3 |  3.4
Dodging        | 5 |  5.2
Long Blades    | |  3.8
Throwing       | |  2.2

Action                     |  1- 3 |  4- 6 || total
---------------------------+-------+-------++-------
  Melee: Long sword        |    37 |       ||    37
         Dagger            |    39 |    60 ||    99
   Stab: Sleeping          |     1 |       ||     1
 Armour: Leather armour    |    30 |    11 ||    41
  Dodge: Dodged            |    77 |    39 ||   116

Table legend: (Time is in decaauts)
 A = Elapsed time spent in this place.
 B = Non-inter-level travel time spent in this place.
 C = Inter-level travel time spent in this place.
 D = Time resting spent in this place.
 E = Time spent auto-exploring this place.
 F = Levels seen in this place.
 G = Mean time per level.
                   A        B        C        D        E       F      G
               +--------+--------+--------+--------+--------+-----+--------+
         Total |   1588 |   1545 |     43 |     49 |   1184 |   3 |  529.3 |
       Dungeon |   1588 |   1545 |     43 |     49 |   1184 |   3 |  529.3 |
               +--------+--------+--------+--------+--------+-----+--------+

Top non-repeatable levels by time:
     D:2: 909 daAuts
     D:1: 540 daAuts
     D:3: 138 daAuts
